Map: Abyssal Reef LE

Players

MooEsqoo

  • Race: Zerg Zerg
  • Spawn Location: 11:00

Cheater 1 (Vision) - Winner!

  • Race: Zerg Zerg
  • Spawn Location: 5:00

VOD

Have the link to the VOD?

Description

Time

  • Played on: Dec. 29, 2019, 9:05 a.m.
  • Length: 6:36
Show
View Real Time Build Order
Export as new Build Order

MooEsqoo Zerg 

Build Orders: Hatch First 

Get SALT Encoding   

  12  0:01  Drone  
  13  0:13  Overlord  
  13  0:17  Drone  
  14  0:31  Drone x2  
  16  0:39  Drone  
  17  0:47  Drone  
  18  0:59  Hatchery  
  17  1:04  Extractor  
  17  1:06  Drone  
  17  1:08  Drone  
  18  1:18  Drone  
  19  1:25  Spawning Pool  
  18  1:33  Drone  
  19  1:43  Drone  
  18  2:20  Zergling x4  
  18  2:21  Zergling x4  
  19  2:38  Spine Crawler, Queen  
  19  2:50  Zergling x4  
  21  2:58  Drone  
  22  3:06  Overlord  
  17  3:22  Zergling x2  
  18  3:34  Hatchery  
  18  3:37  Drone  
  18  3:38  Drone  
  19  3:47  Metabolic Boost  
  19  3:51  Zergling x6  
  22  4:16  Drone x2  
  22  4:17  Drone  
  25  4:30  Drone  
  25  4:31  Drone x2  
  28  4:35  Lair  
  28  4:48  Drone  
  28  4:51  Queen  
  31  5:04  Drone x4  
  31  5:06  Overlord  
  35  5:14  Overlord  
  35  5:18  Overlord  
  35  5:24  Overlord  
  35  5:32  Queen  
  37  5:38  Extractor  
  37  5:40  Extractor  
  35  5:49  Extractor  
  34  5:51  Roach Warren  
  33  6:01  Evolution Chamber  
  33  6:02  Evolution Chamber  
  31  6:11  Hatchery  
  30  6:20  Drone x2  
  30  6:21  Drone x2  
  30  6:23  Drone  
Show
View Real Time Build Order
Export as new Build Order

Cheater 1 (Vision) Zerg - Winner!

Build Orders: Pool First, Zergling Baneling 

Get SALT Encoding   

  12  0:18  Spawning Pool  
  11  0:22  Drone  
  11  0:27  Drone  
  13  0:31  Drone  
  14  0:41  Overlord  
  14  1:06  Zergling x6, Queen  
  19  1:17  Zergling x2  
  20  1:28  Zergling x2  
  21  1:38  Zergling x2  
  22  1:49  Overlord  
  22  1:53  Hatchery  
  21  2:00  Drone  
  22  2:10  Zergling x2  
  22  2:12  Zergling x2  
  22  2:13  Zergling x4  
  26  2:22  Zergling x2  
  27  2:32  Overlord  
  27  2:43  Zergling x2  
  25  2:45  Zergling x6  
  28  2:55  Zergling x2  
  29  3:04  Extractor  
  29  3:05  Drone  
  29  3:06  Drone  
  30  3:18  Extractor, Drone  
  29  3:25  Drone  
  30  3:29  Drone  
  30  3:32  Drone  
  32  3:36  Drone  
  32  3:40  Drone  
  34  3:43  Drone  
  34  3:48  Drone  
  36  3:54  Overlord  
  36  3:55  Baneling Nest  
  35  3:59  Drone  
  36  4:18  Roach Warren, Drone  
  36  4:24  Overlord  
  36  4:31  Overlord  
  36  4:38  Baneling, Zergling x2  
  36  4:39  Baneling x2  
  36  4:40  Baneling x2  
  36  4:41  Baneling x3  
  36  4:44  Drone  
  38  4:48  Drone  
  38  4:50  Extractor  
  38  4:56  Lair  
  38  5:00  Roach  
  40  5:13  Drone  
  41  5:21  Extractor, Drone  
  40  5:24  Drone  
  40  5:28  Drone  
  43  5:31  Roach, Drone  
  43  5:34  Roach  
  48  5:38  Roach  
  48  5:40  Drone  
  51  5:43  Drone  
  51  5:47  Drone  
  53  5:51  Drone  
  53  5:55  Drone  
  55  5:58  Hydralisk Den, Drone  
  55  6:01  Drone  
  56  6:04  Drone  
  56  6:08  Drone  
  56  6:10  Drone  
  59  6:16  Overlord  
  59  6:19  Drone  
  59  6:23  Drone  
Tags
 
Add a new tag
Caveats
  • Supply blocks, unpowered buildings, or Contaminate may cause inaccurate times.
  • Supply counts are checked every 10 seconds.